 Dungeon Crawl Stone Soup version 0.29.0-11-gd7f09526c8 (webtiles) character file.

Game seed: 14508920349465033223

25 PhineusFerb the Shield-Bearer (level 2, -3/29 HPs)
             Began as a Troll Fighter on Sept 5, 2022.
             Shot with an arrow by a centaur (13 damage)
             ... on level 7 of the Dungeon.
             The game lasted 00:07:13 (1212 turns).

PhineusFerb the Shield-Bearer (Troll Fighter)       Turns: 1212, Time: 00:07:13

Health: -3/29      AC:  2    Str: 23    XL:     2   Next: 82%
Magic:  1/1        EV:  8    Int:  4    God:
Gold:   58         SH:  7    Dex:  9    Spells: 1/1 levels left

rFire   . . .      SeeInvis .   a - +0 war axe
rCold   . . .      Faith    .   c - +0 kite shield
rNeg    . . .      Spirit   .   (body armour restricted)
rPois   .          Reflect  .   (helmet restricted)
rElec   .          Harm     .   (no cloak)
rCorr   .          Rampage  .   (gloves unavailable)
Will    .....                   (boots unavailable)
Stlth   +.........              (no amulet)
HPRegen 0.89/turn               (no ring)
MPRegen 0.07/turn               (no ring)

@: no status effects
A: large, unfitting armour, claws 3, regeneration 1, shaggy fur 1, tough skin 1
a: no special abilities


You were on level 7 of the Dungeon.
You visited 1 branch of the dungeon, and saw 5 of its levels.

You collected 58 gold pieces.

Inventory:

Hand Weapons
 a - a +0 war axe (weapon)
Armour
 b - a +0 robe
 c - a +0 kite shield (worn)
 e - a +0 pair of boots
 f - a +0 scale mail
Scrolls
 g - a scroll of teleportation
Potions
 d - 2 potions of attraction


   Skills:
 + Level 2.7 Fighting
 + Level 1.8 Axes
 + Level 2.8 Dodging
 + Level 3.0 Shields


You had one spell level left.
You didn't know any spells.
Your spell library contained the following spells:

 Spells                   Type           Power      Damage    Failure   Level
 Anguish                  Hex/Necr       0%         N/A       100%        4
 Enfeeble                 Hex            0%         N/A       100%        7


Dungeon Overview and Level Annotations

Branches:
Dungeon (7/15)
 Temple: D:4-7

Altars:

Shops:
D:1 *


Innate Abilities, Weirdness & Mutations

You are too large for most types of armour.
You have claws for hands.
Your natural rate of healing is unusually fast.
You are covered in fur. (AC +1)
You have tough skin. (AC +1)


Message History

[Y]es or [N]o only, please.
Really walk into that cloud of poison gas? [Y]es or [N]o only, please.
Really walk into that cloud of poison gas? [Y]es or [N]o only, please.
Really walk into that cloud of poison gas? [Y]es or [N]o only, please.
Really walk into that cloud of poison gas? [Y]es or [N]o only, please.
Really walk into that cloud of poison gas? [Y]es or [N]o only, please.
Really walk into that cloud of poison gas? [Y]es or [N]o only, please.
Really walk into that cloud of poison gas? [Y]es or [N]o only, please.
Really walk into that cloud of poison gas? [Y]es or [N]o only, please.
Really walk into that cloud of poison gas?
Okay, then.
You start waiting.
Done waiting.
You start waiting.
Done waiting.
You start waiting.
Done waiting.
There is a stone staircase leading up here.
Found a stone staircase leading down.
An ufetubus comes into view.
The ufetubus shouts!
A centaur comes into view.
Found 12 gold pieces.
The centaur wields a +0 shortbow.
The centaur shoots an arrow.
The arrow hits you!
An ufetubus comes into view.
The centaur shoots an arrow.
You block the arrow.
The centaur shoots an arrow.
The arrow hits you!
A black bear comes into view.
The black bear growls angrily.
You block the ufetubus's attack. x2; The centaur shoots an arrow.
The arrow hits you!
You die...

.5..#...........##
#..........#.....#
#5..............##
...##...........#
#.####....#....# .
#..###....###.##
... #...#.....# ##
.....###5........#
......>@.####.##..#
..........# #....##
.......c.## .....#
.#........ #.....#
#$.#...... .....##
....###h#... ....#
... ......#...## ..
....###


You could see a black bear, a centaur and an ufetubus.

Vanquished Creatures
  5 endoplasms
  2 quokkas (D:2)
  A ball python (D:1)
  2 bats (D:1)
  4 goblins
  4 kobolds (D:1)
  5 rats
23 creatures vanquished.

Notes
Turn   | Place    | Note
-------+----------+-------------------------------------------
     0 | D:1      | PhineusFerb the Troll Fighter began the quest for the Orb.
     0 | D:1      | Reached XP level 1. HP: 22/22 MP: 0/0
   425 | D:1      | Found Sijeifar's General Store.
   435 | D:1      | Reached XP level 2. HP: 29/29 MP: 1/1
   539 | D:1      | Found a faded altar of an unknown god.
   764 | D:2      | Reached skill level 3 in Shields
   851 | D:3      | You fall into a shaft and drop 3 floors!
  1209 | D:7      | Noticed a centaur
  1211 | D:7      | Noticed a black bear
  1212 | D:7      | Shot with an arrow by a centaur

Illustrated notes

Levels and vault maps discovered:
D:1:      minmay_arrival_loop, layout_loops_ring,
          chequers_ecumenical_altar_island, serial_shops, nicolae_diamond_shop
D:2:      layout_loops_ring
D:3:      layout_basic, hangedman_decor_growths
D:6:      cheibrodos_fertilizer, layout_basic, uniq_edmund
D:7:      layout_cave_pools, nicolae_dithmenos_through_a_glass_darkly, tgw_sif

Skill      XL: |  1  2 |
---------------+-------+-----
Shields        | 3 |  3.0
Fighting       | |  2.7
Axes           | |  1.8
Dodging        | |  2.8

Action                   || total
-------------------------++-------
Melee: War axe           ||    70
  Use: Potion            ||     4
       Scroll            ||     6
 Stab: Sleeping          ||     1
Armor: Robe              ||    37
Dodge: Dodged            ||    33
Block: Kite shield       ||    31
